[Event "Titled Tuesday Blitz April 05 Early 2022"]
[White "Xu, Yi"]
[Black "Chincholimath, Halsagar"]
[WhiteFideId "8605564"]
[BlackFideId "5022487"]
[WhiteElo "2471"]
[BlackElo "1737"]
[Result "1-0"]
[Round "02"]
[TimeControl "180+1"]
[Date "2022.04.05"]
[WhiteClock "0:00:24"]
[BlackClock "0:00:18"]

1. e4 d5 2. exd5 Qxd5 3. Nc3 Qd8 4. Nf3 Bg4 5. d4 e6 6. h3 Bxf3 7. Qxf3 c6 8. Be3 Nf6 9. Bd3 Bb4 10. O-O O-O 11. Ne4 Nbd7 12. c3 Be7 13. Ng3 a5 14. a4 Nb6 15. Rfe1 Qd5 16. Qxd5 cxd5 17. Bf4 Rfc8 18. Nf5 Bf8 19. Nd6 Bxd6 20. Bxd6 Nc4 21. Ba3 Nxa3 22. Rxa3 Nd7 23. Rb3 Rc7 24. Rb5 Ra6 25. f4 g6 26. Kf2 Rb6 27. Ke3 Rxb5 28. Bxb5 Nb6 29. Kd2 Nc4+ 30. Kc2 Kf8 31. b3 Nd6 32. Bd3 h5 33. g4 h4 34. Kd2 Ke7 35. Rc1 Kf6 36. c4 dxc4 37. bxc4 g5 38. Ke3 gxf4+ 39. Kxf4 Ke7 40. c5 Ne8 41. g5 Ng7 42. Be4 Rd7 43. Rb1 e5+ 44. Kxe5 Ne6 45. Rxb7 Rxb7 46. Bxb7 Nxg5 47. Bg2 f6+ 48. Kd5 Kd7 49. Bf1 Kc7 50. Kc4 Ne6 51. d5 Nf4 52. Kd4 Kd7 53. Ke4 Ng6 54. d6 Ne5 55. Kd5 Nc6 56. Bb5 f5 57. Bxc6+ Kd8 58. Ke5 f4 59. Kxf4 Kc8 60. Kg4 Kd8 61. Kxh4 Kc8 62. Kg5 Kd8 63. h4 1-0


[Site "https://www.chess.com"]

[Event "Titled Tuesday Blitz April 05 Early 2022"]
[White "Yang, Kaiqi"]
[Black "Shimanov, Aleksandr"]
[WhiteFideId "8604398"]
[BlackFideId "4198603"]
[WhiteElo "2373"]
[BlackElo "2636"]
[Result "0-1"]
[Round "02"]
[TimeControl "180+1"]
[Date "2022.04.05"]
[WhiteClock "0:00:09"]
[BlackClock "0:00:35"]

1. e4 c6 2. d4 d5 3. e5 Bf5 4. h4 h5 5. Bg5 Qb6 6. Bd3 Bxd3 7. Qxd3 Qa6 8. e6 Qxd3 9. exf7+ Kxf7 10. cxd3 Nh6 11. Nf3 Nd7 12. Bxh6 Rxh6 13. Nbd2 Re8 14. Ng5+ Kg8 15. f4 e6 16. Ndf3 Bd6 17. g3 Nf6 18. Kd2 Ng4 19. Rhe1 Rf6 20. a3 Nh6 21. Ne5 Nf5 22. Nd7 Nxd4 23. Kc3 Nb5+ 24. Kc2 Rh6 25. Re3 Nd4+ 26. Kc3 Nf5 27. Rf3 Re7 28. Ne5 Rf6 29. d4 Bxe5 30. fxe5 Rf8 31. b4 g6 32. Kd3 b6 33. Rc1 Rc8 34. Rc2 Ree8 35. a4 Kf8 36. Nh7+ Ke7 37. Nf6 Red8 38. Rb2 Rc7 39. a5 Rb8 40. a6 Rbc8 41. Rb1 c5 42. bxc5 bxc5 43. dxc5 Rxc5 44. Rb7+ R8c7 45. Ke2 Nd4+ 46. Kf2 Nxf3 47. Kxf3 Rxb7 48. axb7 Rb5 49. Ng8+ Kf7 50. Nf6 0-1


[Site "https://www.chess.com"]

[Event "Titled Tuesday Blitz April 05 Early 2022"]
[White "Yordanov, Nikolay Plamenov"]
[Black "Reprintsev, Alexander"]
[WhiteFideId "2907445"]
[BlackFideId "14100541"]
[WhiteElo "2248"]
[BlackElo "2108"]
[Result "1-0"]
[Round "02"]
[TimeControl "180+1"]
[Date "2022.04.05"]
[WhiteClock "0:01:48"]
[BlackClock "0:01:18"]

1. d4 d5 2. Bf4 Nf6 3. e3 c5 4. Nf3 Qb6 5. Nc3 Bd7 6. Rb1 e6 7. h3 Be7 8. Be2 O-O 9. O-O Bc6 10. Ne5 Nbd7 11. Nxc6 bxc6 12. Na4 Qa5 13. c3 c4 14. b4 cxb3 15. axb3 c5 16. Nxc5 Nxc5 17. b4 Qa3 18. bxc5 Ne4 19. Rb3 Qa2 20. f3 Nf6 21. Rf2 a5 22. Bb5 1-0


[Site "https://www.chess.com"]

[Event "Titled Tuesday Blitz April 05 Early 2022"]
[White "volunteers1998"]
[Black "Shohat, Yotam"]
[BlackFideId "2813955"]
[WhiteElo "2309"]
[BlackElo "2119"]
[Result "1-0"]
[Round "02"]
[TimeControl "180+1"]
[Date "2022.04.05"]
[WhiteClock "0:00:05"]
[BlackClock "0:00:04"]

1. e4 c5 2. Nf3 Nc6 3. Bb5 Nf6 4. e5 Nd5 5. Nc3 Nc7 6. Bxc6 dxc6 7. O-O Bg4 8. Re1 e6 9. d3 Be7 10. Ne4 Qd7 11. Be3 b6 12. h3 Bh5 13. a4 a5 14. g4 Bg6 15. Qe2 h5 16. g5 h4 17. c3 c4 18. Rad1 cxd3 19. Rxd3 Nd5 20. Nfd2 Qc7 21. f4 O-O-O 22. Qg2 Kb7 23. Qf3 Nxe3 24. Rexe3 Rxd3 25. Rxd3 Rd8 26. Rxd8 Qxd8 27. Kf2 Qd5 28. Ke2 Qa2 29. Nd6+ Bxd6 30. exd6 Qd5 31. Qxd5 cxd5 32. Nf3 Bh5 33. Ke3 Bxf3 34. Kxf3 Kc6 35. Kg4 Kxd6 36. Kxh4 d4 37. cxd4 Kd5 38. Kg4 Kxd4 39. h4 g6 40. h5 gxh5+ 41. Kxh5 Ke4 42. Kg4 Ke3 43. f5 exf5+ 44. Kxf5 Kf3 45. Kf6 Kf4 46. Kxf7 Kxg5 47. Ke6 Kf4 48. Kd5 Ke3 49. Kc6 1-0


[Site "https://www.chess.com"]

[Event "Titled Tuesday Blitz April 05 Early 2022"]
[White "Alinasab, Mobina"]
[Black "Hasangatin, Ramil"]
[WhiteFideId "12528897"]
[BlackFideId "4122160"]
[WhiteElo "2031"]
[BlackElo "2375"]
[Result "0-1"]
[Round "03"]
[TimeControl "180+1"]
[Date "2022.04.05"]
[WhiteClock "0:00:02"]
[BlackClock "0:01:02"]

1. e4 c6 2. d4 d6 3. Nc3 g6 4. f4 Bg7 5. Nf3 d5 6. e5 h5 7. h3 Nh6 8. Bd3 Nf5 9. Ne2 h4 10. c3 b6 11. Ng5 e6 12. Bxf5 exf5 13. Be3 Na6 14. Bf2 Nc7 15. Ng1 Ne6 16. Nxe6 Bxe6 17. Nf3 Bf8 18. Qa4 Bd7 19. e6 fxe6 20. Ne5 Rg8 21. O-O-O Bd6 22. Rde1 g5 23. fxg5 Qxg5+ 24. Kb1 Bxe5 25. dxe5 c5 26. Qxh4 Qxh4 27. Bxh4 Rxg2 28. Bf6 Kf7 29. h4 Bb5 30. h5 Bd3+ 31. Ka1 f4 32. h6 Kg8 33. Reg1 f3 34. h7+ Bxh7 35. Rxg2+ fxg2 36. Rg1 Be4 37. b3 Kf7 38. Kb2 Rg8 39. Kc1 Rg3 40. Kd2 Rd3+ 41. Ke2 Rxc3 42. Kf2 Rc2+ 43. Kg3 Rxa2 44. Kh2 Rf2 45. Re1 Rf1 0-1


[Site "https://www.chess.com"]

[Event "Titled Tuesday Blitz April 05 Early 2022"]
[White "Al-Tarboush, Ward"]
[Black "Goldin, Roman"]
[WhiteFideId "7601450"]
[BlackFideId "2803860"]
[WhiteElo "2276"]
[BlackElo "2312"]
[Result "0-1"]
[Round "03"]
[TimeControl "180+1"]
[Date "2022.04.05"]
[WhiteClock "0:01:35"]
[BlackClock "0:00:47"]

1. e4 Nc6 2. Nf3 e5 3. Bb5 a6 4. Ba4 d6 5. O-O Ne7 6. c4 Bg4 7. h3 Bxf3 8. Qxf3 Rb8 9. Nc3 Ng6 10. d3 Be7 11. Be3 O-O 12. g3 Nd4 13. Bxd4 exd4 14. Nd5 c6 15. Nf4 Ne5 16. Qe2 Qd7 17. Bc2 Bg5 18. Kg2 Bxf4 19. gxf4 Ng6 20. Kg3 f5 21. f3 Qe7 22. Kh2 Nxf4 23. Qf2 fxe4 24. fxe4 Nxh3 25. Qg3 Ng5 26. Rae1 Nf7 27. Bd1 Ne5 28. Rg1 g6 29. Rg2 Rf6 30. Rf2 Rxf2+ 31. Qxf2 Nxd3 32. Qg3 Nxe1 0-1


[Site "https://www.chess.com"]

[Event "Titled Tuesday Blitz April 05 Early 2022"]
[White "Andreikin, Dmitry"]
[Black "Murzin, Volodar"]
[WhiteFideId "4158814"]
[BlackFideId "44155573"]
[WhiteElo "2736"]
[BlackElo "2585"]
[Result "*"]
[Round "03"]
[TimeControl "180+1"]
[Date "2022.04.05"]
[WhiteClock "0:01:30"]
[BlackClock "0:01:13"]

1. d4 d5 2. Nf3 Nf6 3. c4 c6 4. Qc2 e6 5. Nbd2 Nbd7 6. b3 Bd6 7. Bb2 O-O 8. e3 Qe7 9. Ne5 Ba3 10. Bxa3 Qxa3 11. Bd3 h6 12. f4 c5 13. O-O cxd4 14. exd4 Rd8 15. Rae1 dxc4 16. bxc4 b6 17. Nc6 Re8 18. c5 *


[Site "https://www.chess.com"]

[Event "Titled Tuesday Blitz April 05 Early 2022"]
[White "Arabidze, Meri"]
[Black "Tsyhanchuk, Stanislav"]
[WhiteFideId "13604040"]
[BlackFideId "13505130"]
[WhiteElo "2335"]
[BlackElo "2078"]
[Result "1-0"]
[Round "03"]
[TimeControl "180+1"]
[Date "2022.04.05"]
[WhiteClock "0:00:05"]
[BlackClock "0:00:01"]

1. d4 d5 2. Nf3 Nf6 3. Bf4 c5 4. e3 Nc6 5. c3 Qb6 6. Qb3 c4 7. Qc2 Bf5 8. Qc1 e6 9. h3 h6 10. Be2 Be7 11. Nbd2 O-O 12. O-O Qd8 13. Bd1 b5 14. Bc2 Qb6 15. Bxf5 exf5 16. Qc2 Ne4 17. Ne5 Nxe5 18. Bxe5 Bd6 19. Bxd6 Qxd6 20. f3 Ng3 21. Rfe1 Rfe8 22. b3 a5 23. a4 cxb3 24. Nxb3 b4 25. Nc5 Rab8 26. Rac1 f4 27. e4 dxe4 28. fxe4 bxc3 29. Qxc3 Rb4 30. Rcd1 Rd8 31. e5 Qd5 32. e6 Rc4 33. Qxa5 Rxd4 34. Rxd4 Qxd4+ 35. Kh2 fxe6 36. Nxe6 Qf2 37. Qxd8+ Kh7 38. Nf8+ Kh8 39. Qd1 Nf5 40. Ng6+ Kh7 41. Ne5 Ne3 42. Qe2 Qg3+ 43. Kh1 f3 44. Nxf3 Nf5 45. Qc2 Qf4 46. Rf1 g6 47. Kg1 Qe3+ 48. Qf2 1-0


[Site "https://www.chess.com"]

[Event "Titled Tuesday Blitz April 05 Early 2022"]
[White "Atakhan, Abtin"]
[Black "Zlatin, Alexander"]
[WhiteFideId "22502203"]
[BlackFideId "2810549"]
[WhiteElo "2094"]
[BlackElo "2228"]
[Result "1-0"]
[Round "03"]
[TimeControl "180+1"]
[Date "2022.04.05"]
[WhiteClock "0:01:44"]
[BlackClock "0:00:21"]

1. c4 e6 2. g3 d5 3. Nf3 Nf6 4. Bg2 c5 5. O-O Nc6 6. b3 Be7 7. Bb2 O-O 8. e3 b6 9. cxd5 exd5 10. Nc3 Bb7 11. d4 Rc8 12. Rc1 Ne4 13. dxc5 Nxc3 14. Bxc3 bxc5 15. Qd2 Qd7 16. Rfd1 Rfd8 17. Ne5 Nxe5 18. Bxe5 Qe6 19. Bb2 h6 20. Rc2 c4 21. Qd4 Bf6 22. Qxa7 cxb3 23. Rxc8 Qxc8 24. Bxf6 gxf6 25. axb3 Qc2 26. Qa1 Rc8 27. h4 Ba8 28. Qd4 Qxb3 29. Ra1 Bc6 30. Qg4+ 1-0


[Site "https://www.chess.com"]

[Event "Titled Tuesday Blitz April 05 Early 2022"]
[White "Baches Garcia, Guillermo"]
[Black "Khamdamova, Afruza"]
[WhiteFideId "2209764"]
[BlackFideId "14210444"]
[WhiteElo "2468"]
[BlackElo "1660"]
[Result "1/2-1/2"]
[Round "03"]
[TimeControl "180+1"]
[Date "2022.04.05"]
[WhiteClock "0:00:55"]
[BlackClock "0:00:42"]

1. e4 e5 2. Nf3 Nf6 3. Nc3 Nc6 4. d4 exd4 5. Nxd4 Bb4 6. Nxc6 bxc6 7. Bd3 d5 8. Bd2 Bxc3 9. Bxc3 dxe4 10. Bxf6 Qxf6 11. Qe2 O-O 12. Qxe4 g6 13. O-O Rb8 14. b3 c5 15. Rfe1 Bb7 16. Qe5 Qb6 17. Bc4 Qc6 18. f3 Rbd8 19. Rad1 Rxd1 20. Rxd1 Ba6 21. Bxa6 Qxa6 22. Qxc5 Qe2 23. Rf1 Rd8 24. Qxc7 Rd2 25. Qg3 Rxc2 26. Re1 Qd2 27. Re8+ Kg7 28. Qe5+ Kh6 29. Qe3+ Qxe3+ 30. Rxe3 Rxa2 31. Re7 Kg7 32. h4 Kf6 33. Rb7 h5 34. Kh2 a5 35. Kg3 Rb2 36. Rb5 Kg7 37. Rxa5 Rxb3 38. Ra4 Rb2 39. Ra3 Kg8 40. Ra4 Kg7 41. Ra3 Kg8 42. Ra4 Kg7 1/2-1/2


[Site "https://www.chess.com"]

[Event "Titled Tuesday Blitz April 05 Early 2022"]
[White "Bachmann, Axel"]
[Black "Cagara, Paulina"]
[WhiteFideId "3700488"]
[BlackFideId "1124870"]
[WhiteElo "2587"]
[BlackElo "1780"]
[Result "1/2-1/2"]
[Round "03"]
[TimeControl "180+1"]
[Date "2022.04.05"]
[WhiteClock "0:00:01"]
[BlackClock "0:00:07"]

1. d4 f5 2. g3 g6 3. Nf3 Bg7 4. b3 Nf6 5. Bb2 d6 6. Bg2 O-O 7. O-O Qe8 8. Nbd2 Nbd7 9. Re1 e5 10. dxe5 dxe5 11. Ba3 c5 12. e4 f4 13. Nc4 Ng4 14. Qd5+ Kh8 15. Nd6 Qe7 16. Rad1 fxg3 17. hxg3 Ndf6 18. Qxc5 Nd7 19. Qd5 Ndf6 20. Nxc8 Qc7 21. Qc5 Qxc5 22. Bxc5 Rfxc8 23. Bd6 Rxc2 24. Nxe5 Nxf2 25. Rc1 Rac8 26. Bf1 Rxc1 27. Kxf2 Rxe1 28. Kxe1 Nxe4 29. Nf7+ Kg8 30. Bc4 Rxc4 31. bxc4 Kxf7 32. Bb8 Ke7 33. Ke2 Kd7 34. Kd3 Nc5+ 35. Ke3 Ne6 36. Bxa7 Kc7 37. Ke4 Kc6 38. Be3 b6 39. a4 Bf8 40. g4 Bc5 41. Bd2 Nd4 42. Bc3 Nb3 43. Bg7 Bb4 44. Kd3 Nc5+ 45. Kc2 Nxa4 46. Kb3 Nc5+ 47. Kxb4 Ne4 48. Be5 Nd6 49. Kc3 Ne4+ 50. Kd4 Nc5 51. Bg3 Ne6+ 52. Ke5 Nc5 53. Bf2 h5 54. gxh5 gxh5 55. Bh4 Nd3+ 56. Kd4 Nf4 57. Bf6 b5 58. cxb5+ Kxb5 59. Ke4 Ng6 60. Kf5 h4 61. Kg4 h3 62. Kxh3 1/2-1/2


[Site "https://www.chess.com"]

[Event "Titled Tuesday Blitz April 05 Early 2022"]
[White "Bacrot, Etienne"]
[Black "Griffith, Kyron"]
[WhiteFideId "605506"]
[BlackFideId "2046318"]
[WhiteElo "2673"]
[BlackElo "2232"]
[Result "*"]
[Round "03"]
[TimeControl "180+1"]
[Date "2022.04.05"]
[WhiteClock "0:01:34"]
[BlackClock "0:01:07"]

1. e4 e5 2. Nf3 Nf6 3. Nc3 Bb4 4. Nxe5 O-O 5. Nd3 Bxc3 6. dxc3 Nxe4 7. Be2 Re8 8. O-O d5 9. f3 Nd6 10. Re1 Bf5 11. Bf1 Nd7 12. Rxe8+ Qxe8 13. Bf4 Qe7 14. Qe1 Re8 15. Qxe7 Rxe7 16. Bxd6 cxd6 17. Kf2 Ne5 18. Nb4 Re8 19. Bb5 Rd8 20. Rc1 Be6 21. Rd1 Nc4 *


[Site "https://www.chess.com"]

[Event "Titled Tuesday Blitz April 05 Early 2022"]
[White "Baker, Chris W"]
[Black "Le Ruyet, Leopold"]
[WhiteFideId "401676"]
[BlackFideId "645923"]
[WhiteElo "2134"]
[BlackElo "2276"]
[Result "1-0"]
[Round "03"]
[TimeControl "180+1"]
[Date "2022.04.05"]
[WhiteClock "0:00:24"]
[BlackClock "0:00:15"]

1. e4 e5 2. Nf3 Nc6 3. Bb5 f5 4. d3 fxe4 5. dxe4 Nf6 6. Nc3 d6 7. O-O Be7 8. h3 O-O 9. Bg5 Be6 10. Qe2 h6 11. Bh4 Nh5 12. Bxe7 Qxe7 13. Bxc6 bxc6 14. Qe3 Rf7 15. Nh2 Raf8 16. Ne2 Bc4 17. Rae1 Nf4 18. Nxf4 exf4 19. Qxa7 Bxf1 20. Rxf1 Qxe4 21. c3 Re8 22. Nf3 Re6 23. Re1 Qd5 24. Rxe6 Qxe6 25. Qa8+ Kh7 26. Qxc6 Qxa2 27. Qe4+ Kg8 28. b4 Qa1+ 29. Kh2 Qxc3 30. Nd4 Qc4 31. b5 1-0


[Site "https://www.chess.com"]

[Event "Titled Tuesday Blitz April 05 Early 2022"]
[White "Bas Mas, Jose Joaquin"]
[Black "Ambartsumova, Karina"]
[WhiteFideId "22219064"]
[BlackFideId "4166299"]
[WhiteElo "2212"]
[BlackElo "2262"]
[Result "0-1"]
[Round "03"]
[TimeControl "180+1"]
[Date "2022.04.05"]
[WhiteClock "0:01:00"]
[BlackClock "0:00:22"]

1. e4 e5 2. Nc3 Nf6 3. g3 d5 4. exd5 Nxd5 5. Bg2 Nb6 6. d3 Be7 7. Nf3 Nc6 8. O-O O-O 9. h3 Re8 10. Re1 Bf8 11. Bg5 f6 12. Be3 Be6 13. a4 Qd7 14. a5 Nd5 15. Nxd5 Bxd5 16. a6 b6 17. Kh2 Rad8 18. Qe2 Nd4 19. Bxd4 exd4 20. Qd2 c5 21. Rxe8 Rxe8 22. c4 dxc3 23. bxc3 Qc6 24. Ne1 Bd6 25. Bxd5+ Qxd5 26. Ng2 h5 27. Ne3 Qf3 28. Rg1 h4 29. Qa2+ Kh8 30. Qd5 Qxf2+ 31. Rg2 Bxg3+ 32. Kh1 Qxe3 33. Qh5+ Kg8 34. Qd5+ Qe6 0-1


[Site "https://www.chess.com"]

[Event "Titled Tuesday Blitz April 05 Early 2022"]
[White "Bashirli, Saadat"]
[Black "Martinez, Shawn"]
[WhiteFideId "13429990"]
[BlackFideId "2039770"]
[WhiteElo "1173"]
[BlackElo "2174"]
[Result "1-0"]
[Round "03"]
[TimeControl "180+1"]
[Date "2022.04.05"]
[WhiteClock "0:01:53"]
[BlackClock "0:01:44"]

1. d4 Nf6 2. Bg5 g6 3. Bxf6 exf6 4. e4 Bg7 5. Bd3 O-O 6. Nc3 b6 7. Nf3 Bb7 8. O-O a6 9. Re1 Re8 10. Qd2 Nc6 11. Bf1 Ne7 12. e5 d5 13. exf6 Bxf6 14. Ne5 Nf5 15. Qf4 Bg5 16. Qg4 h5 17. Qf3 Nxd4 18. Qxf7+ Kh8 19. Nxg6# 1-0


[Site "https://www.chess.com"]

[Event "Titled Tuesday Blitz April 05 Early 2022"]
[White "Bettalli, Francesco"]
[Black "Madaminov, Mukhiddin"]
[WhiteFideId "2816453"]
[BlackFideId "14210703"]
[WhiteElo "2216"]
[BlackElo "1916"]
[Result "1-0"]
[Round "03"]
[TimeControl "180+1"]
[Date "2022.04.05"]
[WhiteClock "0:01:14"]
[BlackClock "0:00:57"]

1. d4 Nf6 2. Nc3 e6 3. Bf4 d5 4. Nb5 Na6 5. e3 c6 6. Nc3 Nc7 7. a3 Bd6 8. Nf3 O-O 9. Bd3 c5 10. dxc5 Bxc5 11. O-O Bd6 12. Re1 b6 13. Ne5 Bb7 14. Rc1 Rc8 15. Ng4 Nxg4 16. Qxg4 f5 17. Qg3 Ne8 18. Nb5 Bb8 19. Nd4 Rf6 20. Bxb8 Rxb8 21. Qe5 Nc7 22. Red1 Rg6 23. g3 Qe7 24. b4 Rd8 25. Be2 Qd6 26. Qxd6 Rxd6 27. Bf3 Rf6 28. c4 e5 29. c5 Rd7 30. c6 Bxc6 31. Nxc6 e4 32. Be2 Ne6 33. Rxd5 Rc7 34. b5 Nc5 35. Bc4 h5 36. Rd7+ Kh7 37. Rxc7 Kh6 38. Ne5 h4 39. Nf7+ Kh5 40. Be2+ Kg6 41. Ne5+ Kh6 42. Rc8 Re6 43. Rh8+ Kg5 44. gxh4+ Kf6 45. Nc6 f4 46. Rf8+ Kg6 47. h5+ Kh7 48. exf4 e3 49. Rxc5 exf2+ 50. Kxf2 Rxe2+ 51. Kxe2 bxc5 52. Nxa7 c4 53. b6 c3 54. b7 c2 55. Rc8 c1=Q 56. Rxc1 Kh6 57. b8=Q Kxh5 58. Qh8+ Kg4 59. Rg1+ Kf5 60. Qh5+ Ke4 61. Qe5# 1-0


[Site "https://www.chess.com"]

[Event "Titled Tuesday Blitz April 05 Early 2022"]
[White "Bintang, Rasyid A. Hidayat"]
[Black "De Arruda, Leandro Formes"]
[WhiteFideId "7105355"]
[BlackFideId "22722009"]
[WhiteElo "2383"]
[BlackElo "1852"]
[Result "1-0"]
[Round "03"]
[TimeControl "180+1"]
[Date "2022.04.05"]
[WhiteClock "0:00:45"]
[BlackClock "0:00:01"]

1. d4 d5 2. Bf4 e6 3. e3 Nf6 4. Nd2 Bd6 5. Bg3 O-O 6. Ngf3 Ne4 7. Nxe4 dxe4 8. Nd2 f5 9. Bc4 Kh8 10. O-O Nc6 11. Bb3 Na5 12. Nc4 Nxb3 13. axb3 b6 14. d5 Bxg3 15. hxg3 exd5 16. Ne5 Be6 17. Qh5 Qe8 18. Qh4 a5 19. Rfd1 Rd8 20. Rd2 Kg8 21. Rad1 Rd6 22. c4 dxc4 23. Rxd6 cxd6 24. Rxd6 cxb3 25. Rxb6 Rf6 26. Nc6 Bc8 27. Qf4 Rxc6 28. Rxc6 Qxc6 29. Qb8 Qb7 30. Qe5 Kf7 31. Qxa5 Qd7 32. Kh2 h6 33. Qc3 Qe6 34. Qc7+ Bd7 35. Qf4 h5 36. Qg5 Qg6 37. Qd8 Qe6 38. Qh8 Kg6 39. Qb8 Qe8 40. Qxb3 Qe6 41. Qc3 Qf6 42. Qc7 Be6 43. b4 h4 44. b5 hxg3+ 45. fxg3 Kg5 46. b6 Qh6+ 47. Kg1 Qh5 48. Qf4+ Kf6 49. g4 Qh4 50. g5+ Kg6 51. Qxh4 1-0


[Site "https://www.chess.com"]

[Event "Titled Tuesday Blitz April 05 Early 2022"]
[White "Bongo Akanga Ndjila, Barthelemy"]
[Black "Ilyasli, Ughur"]
[WhiteFideId "10609431"]
[BlackFideId "13416197"]
[WhiteElo "1768"]
[BlackElo "2045"]
[Result "0-1"]
[Round "03"]
[TimeControl "180+1"]
[Date "2022.04.05"]
[WhiteClock "0:00:26"]
[BlackClock "0:00:35"]

1. d4 Nf6 2. c4 g6 3. Nc3 d5 4. cxd5 Nxd5 5. e4 Nxc3 6. bxc3 Bg7 7. Rb1 O-O 8. Nf3 c5 9. Be2 Bg4 10. O-O cxd4 11. cxd4 Nc6 12. d5 Bxf3 13. Bxf3 Nd4 14. Rxb7 Qa5 15. Rxe7 Qxa2 16. Be3 Nxf3+ 17. Qxf3 a5 18. e5 a4 19. Bc5 Ra5 20. Rc7 Bxe5 21. d6 a3 22. h4 Qb2 23. Re1 a2 24. Rb7 a1=Q 25. Rxb2 Qxe1# 0-1


[Site "https://www.chess.com"]

[Event "Titled Tuesday Blitz April 05 Early 2022"]
[White "Buscar, Michael"]
[Black "Artemenko, Oleg"]
[WhiteFideId "2603616"]
[BlackFideId "14201798"]
[WhiteElo "2010"]
[BlackElo "2287"]
[Result "0-1"]
[Round "03"]
[TimeControl "180+1"]
[Date "2022.04.05"]
[WhiteClock "0:00:19"]
[BlackClock "0:02:12"]

1. Nf3 Nf6 2. g3 d5 3. Bg2 c6 4. O-O Bg4 5. d4 Nbd7 6. c4 e6 7. b3 Bd6 8. Bb2 O-O 9. Nbd2 Re8 10. Re1 Qc7 11. Rc1 Rad8 12. Qc2 Qa5 13. Qb1 Ba3 14. Bc3 Qa6 15. Rcd1 Bf5 16. Qa1 Bc2 17. c5 b6 18. Bf1 Bxd1 19. Rxd1 bxc5 20. dxc5 Bxc5 21. e4 Qb7 22. e5 Ng4 23. Bd4 Qb6 24. Bd3 Bxd4 25. Nxd4 Ngxe5 26. Bc2 c5 27. Ne2 Nc6 28. Nf3 Nf6 29. Nf4 e5 30. Nh3 e4 31. Nfg5 h6 0-1


[Site "https://www.chess.com"]

[Event "Titled Tuesday Blitz April 05 Early 2022"]
[White "Butti, Enrique"]
[Black "Sonis, Francesco"]
[WhiteFideId "3700470"]
[BlackFideId "895733"]
[WhiteElo "2080"]
[BlackElo "2373"]
[Result "*"]
[Round "03"]
[TimeControl "180+1"]
[Date "2022.04.05"]
[WhiteClock "0:01:13"]
[BlackClock "0:01:35"]

1. e4 Nc6 2. Nf3 e5 3. Bb5 a6 4. Ba4 Nf6 5. O-O d6 6. Bxc6+ bxc6 7. d4 exd4 8. Qxd4 Be7 9. b3 O-O 10. Bb2 c5 11. Qd3 Bb7 12. Nbd2 a5 13. Rfe1 Re8 14. a4 Ba6 15. Nc4 c6 16. e5 dxe5 17. Nfxe5 Qc7 18. Qg3 Nd5 19. Nxc6 Qxg3 20. hxg3 Bf8 21. N6xa5 Nb4 22. Rxe8 Rxe8 23. c3 *


[Site "https://www.chess.com"]

[Event "Titled Tuesday Blitz April 05 Early 2022"]
[White "Chernomordik, Pavel"]
[Black "Zaksaite, Salomeja"]
[WhiteFideId "2804530"]
[BlackFideId "12801496"]
[WhiteElo "2220"]
[BlackElo "1953"]
[Result "1-0"]
[Round "03"]
[TimeControl "180+1"]
[Date "2022.04.05"]
[WhiteClock "0:01:12"]
[BlackClock "0:00:01"]

1. e4 c5 2. Nc3 e6 3. f4 d5 4. Nf3 dxe4 5. Bb5+ Bd7 6. Bxd7+ Qxd7 7. Ne5 Qd8 8. Nxe4 Nd7 9. Qe2 Ngf6 10. Nxf7 Kxf7 11. Ng5+ Ke8 12. Nxe6 Qe7 13. Nc7+ Kd8 14. Nxa8 Qxe2+ 15. Kxe2 Bd6 16. Kf3 Kc8 17. Re1 Re8 18. Rxe8+ Nxe8 19. b3 Kb8 20. Bb2 Kxa8 21. Re1 Nef6 22. g4 Kb8 23. g5 Nh5 24. Kg4 g6 25. f5 Bxh2 26. Re7 Kc7 27. Rxh7 gxf5+ 28. Kxf5 Ng3+ 29. Ke6 1-0


[Site "https://www.chess.com"]

[Event "Titled Tuesday Blitz April 05 Early 2022"]
[White "Chernov, Mikhail"]
[Black "Sarana, Alexey"]
[WhiteFideId "24143170"]
[BlackFideId "24133795"]
[WhiteElo "2189"]
[BlackElo "2666"]
[Result "0-1"]
[Round "03"]
[TimeControl "180+1"]
[Date "2022.04.05"]
[WhiteClock "0:01:33"]
[BlackClock "0:02:17"]

1. d4 Nf6 2. Nc3 e6 3. e4 Bb4 4. Bd3 c5 5. Nf3 cxd4 6. Nxd4 Nc6 7. Nxc6 bxc6 8. O-O d5 9. Bg5 h6 10. Bh4 Be7 11. e5 Nd7 12. Bxe7 Qxe7 13. Re1 O-O 14. Qh5 Rb8 15. b3 Rb4 16. g3 f5 17. exf6 Qxf6 18. Qg6 Qxf2+ 19. Kh1 Qf3+ 20. Kg1 Nf6 21. Rf1 Qe3+ 22. Kh1 Rg4 0-1


[Site "https://www.chess.com"]

[Event "Titled Tuesday Blitz April 05 Early 2022"]
[White "Coelho, Ramyres Santana"]
[Black "Mikhnenko, Alexander"]
[WhiteFideId "2120690"]
[BlackFideId "34143014"]
[WhiteElo "1888"]
[BlackElo "2117"]
[Result "0-1"]
[Round "03"]
[TimeControl "180+1"]
[Date "2022.04.05"]
[WhiteClock "0:01:11"]
[BlackClock "0:01:42"]

1. e4 c5 2. Nf3 e6 3. d4 cxd4 4. c3 dxc3 5. Nxc3 d5 6. exd5 exd5 7. Qxd5 Nc6 8. Bb5 Bd7 9. O-O Be7 10. Re1 Nf6 11. Qd6 Qb8 12. Bf4 Qxd6 13. Bxd6 Be6 14. Bxe7 Kxe7 15. Bxc6 bxc6 16. Nd4 Rac8 17. Rad1 Rhd8 18. Nf5+ Kf8 19. Nd6 Rc7 20. Nce4 Rcd7 21. Nxf6 gxf6 22. a3 Rxd6 23. Rxd6 Rxd6 24. h3 Ke7 25. Rc1 Bd5 26. Rc3 Re6 27. Kh2 Re2 0-1


[Site "https://www.chess.com"]

[Event "Titled Tuesday Blitz April 05 Early 2022"]
[White "Csonka, Balazs"]
[Black "Silva, Kaua Marques"]
[WhiteFideId "742910"]
[BlackFideId "22701168"]
[WhiteElo "2404"]
[BlackElo "2071"]
[Result "1-0"]
[Round "03"]
[TimeControl "180+1"]
[Date "2022.04.05"]
[WhiteClock "0:02:27"]
[BlackClock "0:02:30"]

1. e4 c5 2. Nf3 Nc6 3. Bb5 g6 4. O-O Bg7 5. Re1 Nf6 6. e5 Nd5 7. Nc3 Nc7 8. Bxc6 dxc6 9. Ne4 b6 10. Nf6+ exf6 11. exf6+ Kf8 12. fxg7+ Kxg7 13. b3 Re8 14. Bb2+ Kg8 15. Ne5 Ne6 16. Ng4 Nd4 17. Rxe8+ 1-0


[Site "https://www.chess.com"]

[Event "Titled Tuesday Blitz April 05 Early 2022"]
[White "Dang, Hoang Son"]
[Black "Shubin, Kirill"]
[WhiteFideId "12402435"]
[BlackFideId "34119962"]
[WhiteElo "2252"]
[BlackElo "2522"]
[Result "*"]
[Round "03"]
[TimeControl "180+1"]
[Date "2022.04.05"]
[WhiteClock "0:01:58"]
[BlackClock "0:01:30"]

1. d4 e6 2. Nf3 Nf6 3. Bf4 b6 4. Nbd2 Bb7 5. h3 d6 6. e3 Nbd7 7. Bd3 h6 8. Qe2 g5 9. Bg3 Rg8 10. e4 Nh5 11. Bh2 Nf4 12. Qf1 Nxd3+ 13. Qxd3 h5 14. g4 hxg4 15. hxg4 Qf6 16. Bg3 O-O-O 17. O-O-O Bg7 18. Rh5 Rh8 19. Rdh1 Qg6 20. Qe3 Nf6 21. Rxh8 Rxh8 22. Rxh8+ Bxh8 23. Qxg5 Nxe4 24. Qe7 Qg8 25. Nxe4 Bxe4 26. Ng5 Bg6 *


[Site "https://www.chess.com"]

[Event "Titled Tuesday Blitz April 05 Early 2022"]
[White "Danilenko, Dmitriy"]
[Black "Seo, Jung Min"]
[WhiteFideId "14120844"]
[BlackFideId "1734687"]
[WhiteElo "2606"]
[BlackElo "2401"]
[Result "*"]
[Round "03"]
[TimeControl "180+1"]
[Date "2022.04.05"]
[WhiteClock "0:01:13"]
[BlackClock "0:02:13"]

1. e4 e5 2. Nf3 Nc6 3. Nc3 Nf6 4. a3 Be7 5. d4 exd4 6. Nxd4 O-O 7. Bc4 Re8 8. O-O d6 9. h3 Bd7 10. Re1 Nxd4 11. Qxd4 Bc6 12. Bg5 Nd7 13. Bxe7 Qxe7 14. Nd5 Bxd5 15. Bxd5 c6 16. Ba2 Nc5 17. Rad1 Rad8 18. b4 Na4 19. Qxa7 Nc3 20. Ra1 *


[Site "https://www.chess.com"]